Map: Reclamation LE

Players

llllllllllll - Winner!

  • Race: Protoss Protoss
  • Spawn Location: 11:00

A.I. 1 (Very Easy)

  • Race: Terran Terran
  • Spawn Location: 5:00

VOD

Have the link to the VOD?

Description

Time

  • Played on: June 26, 2026, 12:43 a.m.
  • Length: 5:40
Show
View Real Time Build Order
Export as new Build Order

llllllllllll Protoss - Winner!

Build Orders: Blink Stalkers 

Get SALT Encoding   

  8  0:00  Probe (Chrono Boost)  
  9  0:11  Probe (Chrono Boost)  
  10  0:17  Probe (Chrono Boost)  
  11  0:29  Probe  
  11  0:33  Pylon  
  12  0:41  Probe  
  13  0:52  Gateway  
  13  0:56  Probe (Chrono Boost)  
  14  1:08  Probe (Chrono Boost), Assimilator  
  15  1:14  Probe (Chrono Boost)  
  15  1:17  Assimilator  
  16  1:22  Probe  
  17  1:34  Probe  
  17  1:39  Cybernetics Core  
  18  1:46  Probe  
  19  1:52  Pylon  
  19  1:58  Probe  
  20  2:11  Probe  
  21  2:16  Twilight Council  
  21  2:18  Stalker  
  21  2:22  Warp Gate  
  23  2:26  Probe  
  24  2:45  Stalker  
  24  2:46  Blink (Chrono Boost)  
  26  2:59  Gateway  
  26  3:07  Gateway  
  26  3:13  Stalker  
  26  3:19  Probe  
  29  3:28  Pylon  
  29  3:53  Pylon  
  29  4:11  Stalker x3  
  35  4:33  Stalker x2  
  35  4:34  Stalker  
  35  4:38  Pylon  
  41  4:56  Stalker x2  
  41  4:57  Stalker  
  47  5:20  Stalker x2  
  51  5:21  Stalker  
  53  5:29  Pylon  
Show
View Real Time Build Order
Export as new Build Order

A.I. 1 (Very Easy) Terran 

Build Orders:  

Get SALT Encoding   

  8  0:00  SCV  
  9  0:13  SCV  
  10  0:25  SCV  
  11  0:37  SCV  
  12  0:46  Supply Depot  
  12  0:49  SCV  
  13  1:08  SCV, Refinery  
  14  1:12  Barracks  
  14  1:37  Supply Depot  
  14  1:44  Refinery  
  14  1:58  Orbital Command  
  14  2:00  Marine  
  15  2:23  SCV  
  16  2:36  SCV  
  17  2:42  Marine  
  18  2:48  SCV  
  19  3:00  SCV  
  19  3:03  Supply Depot, Barracks Tech Lab  
  20  3:12  SCV  
  21  3:24  SCV  
  21  3:25  Marauder  
  24  4:43  SCV  
  24  4:49  Marine  
  23  4:57  SCV  
  19  5:01  Supply Depot  
  16  5:09  SCV  
  10  5:18  Marauder  
  7  5:21  SCV  
Tags
 
Composition
Blink Stalkers
Matchup
PvT
Spawn Locations
Cross Positions
Add a new tag
Caveats
  • Supply blocks, unpowered buildings, or Contaminate may cause inaccurate times.
  • Supply counts are checked every 10 seconds.